 Dungeon Crawl Stone Soup version 0.27.0 (webtiles) character file.

Game seed: 15295530075563243002

18448 Anothat the Fighter (level 12, -1/80 HPs)
             Began as a Gargoyle Fighter on July 30, 2021.
             Was the Champion of Okawaru.
             Slain by a yak (7 damage)
             ... on level 1 of the Lair of Beasts.
             The game lasted 00:50:02 (18400 turns).

Anothat the Fighter (Gargoyle Fighter)             Turns: 18400, Time: 00:50:03

Health: -1/80      AC: 32    Str: 25    XL:     12   Next: 58%
Magic:  12/12      EV:  6    Int: 11    God:    Okawaru [******]
Gold:   532        SH: 12    Dex:  9    Spells: 11/11 levels left

rFire    + + +     SeeInvis +   e - +3 flail (vorpal)
rCold    + . .     Faith    .   c - +0 kite shield
rNeg     + . .     Spirit   .   x - +2 plate armour {rF+}
rPois    ∞         Reflect  .   k - +0 hat
rElec    +         Harm     .   r - +0 cloak of Mili {+Blink rF++ SInv Stlth+}
rCorr    .         Rampage  .   (no gloves)
Will     .....                  i - +0 pair of boots of Doomed Leaves {rF+ Int+2}
Stlth    ..........             (no amulet)
HPRegen  0.23/turn              s - +4 ring of protection
MPRegen  0.13/turn              j - ring of protection from cold

@: no status effects
A: sickness immunity, AC +8, negative energy resistance 1, electricity
resistance, torment resistance 1, petrification resistance
a: Renounce Religion, Evoke Blink, Heroism, Finesse


You were on level 1 of the Lair of Beasts.
You worshipped Okawaru.
Okawaru was exalted by your worship.
You visited 3 branches of the dungeon, and saw 13 of its levels.

You collected 2058 gold pieces.
You spent 1526 gold pieces at shops.

Inventory:

Hand Weapons
 a - a +0 flail
 e - a +3 vorpal flail (weapon)
 l - a +1 dagger of venom
 m - a +3 dire flail of distortion
 n - a +2 morningstar of protection
 v - a +2 vorpal hand axe
 C - a +0 spectral lajatang
Armour
 c - a +0 kite shield (worn)
 i - the +0 pair of boots of Doomed Leaves (worn) {rF+ Int+2}
   (You acquired it on level 5 of the Dungeon)

   Int:       It affects your intelligence (+2).
   rF:        It protects you from fire.
 k - a +0 hat (worn)
 r - the +0 cloak of Mili (worn) {+Blink rF++ SInv Stlth+}
   (You bought it in a shop on level 10 of the Dungeon)

   rF:        It greatly protects you from fire.
   SInv:      It lets you see invisible.
   +Blink:    It lets you blink.
   Stlth:     It makes you more stealthy.
 w - a scarf of invisibility
 x - a +2 plate armour of fire resistance (worn)
Jewellery
 d - a +4 ring of protection
 f - a ring of resist corrosion
 j - a ring of protection from cold (right hand)
 o - a ring of ice
 s - a +4 ring of protection (left hand)
 t - a +6 ring of intelligence
 A - the ring "Hoej" {rN+ Dex+6}
   (You took it off a centaur on level 9 of the Dungeon)

   [ring of dexterity]

   Dex:       It affects your dexterity (+6).
   rN:        It protects you from negative energy.
 G - a ring of protection from fire
Wands
 z - a wand of flame (28)
Scrolls
 h - 4 scrolls of identify
 p - 2 scrolls of amnesia
 q - a scroll of enchant weapon
Potions
 g - 3 potions of lignification
Miscellaneous
 u - a piece from Xom's chessboard (15/15)


   Skills:
 + Level 11.5 Fighting
 * Level 9.9 Maces & Flails
 + Level 10.1 Armour
 - Level 4.6 Stealth
 + Level 10.2 Shields
 + Level 0.7 Invocations
 - Level 6.5 Evocations


You had 11 spell levels left.
You didn't know any spells.
Your spell library contained the following spells:

 Spells                   Type           Power      Damage    Failure   Level
 Blink                    Tloc           N/A        N/A       100%        2
 Wereblood                Tmut           0%         N/A       100%        2
 Gell's Gravitas          Tloc           0%         N/A       100%        3
 Ignite Poison            Fire/Tmut/Pois 0%         N/A       100%        3
 Lesser Beckoning         Tloc           0%         N/A       100%        3
 Mephitic Cloud           Conj/Pois/Air  0%         N/A       100%        3
 Portal Projectile        Hex/Tloc       0%         N/A       100%        3
 Teleport Other           Tloc           0%         N/A       100%        3
 Leda's Liquefaction      Hex/Erth       0%         N/A       100%        4
 Olgreb's Toxic Radiance  Pois           0%         N/A       100%        4
 Alistair's Intoxication  Tmut/Pois      0%         N/A       100%        5
 Blade Hands              Tmut           0%         N/A       100%        5
 Bolt of Magma            Conj/Fire/Erth 0%         4d4       100%        5
 Borgnjor's Vile Clutch   Necr/Erth      0%         N/A       100%        5
 Excruciating Wounds      Necr           0%         N/A       100%        5
 Manifold Assault         Tloc           0%         N/A       100%        5
 Dispersal                Tloc           0%         N/A       100%        6
 Eringya's Noxious Bog    Tmut/Pois      0%         N/A       100%        6
 Ozocubu's Refrigeration  Ice            0%         4d5       100%        7
 Summon Hydra             Summ           0%         N/A       100%        7
 Ignition                 Fire           0%         3d3       100%        8
 Sublimation of Blood     Necr           Unusable   N/A       N/A         2
 Statue Form              Tmut/Erth      Unusable   N/A       N/A         6

Dungeon Overview and Level Annotations

Branches:
Dungeon (11/15)            Temple (1/1) D:5            Lair (1/6) D:11
    Orc (0/2) D:11

Altars:
Ashenzari
Cheibriados
Dithmenos
Elyvilon
Fedhas
Gozag
Hepliaklqana
Kikubaaqudgha
Makhleb
Nemelex Xobeh
Okawaru
Qazlal
Ru
Sif Muna
Trog
Uskayaw
Vehumet
Wu Jian
Xom
Yredelemnul
Zin
The Shining One
Beogh

Shops:
D:3 (   D:8 *?   D:10 [

Portals:
Abyss: D:6

Annotations:
D:6 2 transporters, bidolon's ghost, novice GnWn
D:8 1 runed translucent door
D:9 2 transporters, kthxbai's ghost, novice DgEE
D:10 exclusion: 2 orange crystal statues


Innate Abilities, Weirdness & Mutations

You are immune to sickness and miasma.
Your stone body is resilient. (AC +8)
You are immune to poison.
You resist negative energy. (rN+)
You are resistant to electric shocks. (rElec)
You are resistant to unholy torment.
You are immune to petrification.


Message History

The yak gores you but does no damage.
You hit the yak.
The yak is lightly wounded.
The yak barely misses you. The yak gores you!
* * * LOW HITPOINT WARNING * * *
The yak gores you!
* * * LOW HITPOINT WARNING * * *
You hit the yak.
The yak is lightly wounded.
The yak gores you but does no damage. The yak barely misses you.
The yak gores you but does no damage.
Okay, then.
You hit the yak.
The yak is moderately wounded.
You sock the yak!
You kill the yak!
Okawaru accepts your kill. The yak gores you but does no damage.
You closely miss the yak. You block the yak's attack.
The yak gores you but does no damage. The yak gores you.
* * * LOW HITPOINT WARNING * * *
Okay, then.
Okay, then.
You sock the yak!
The yak is severely wounded.
The yak gores you.
* * * LOW HITPOINT WARNING * * *
You block the yak's attack.
You sock the yak!
You kill the yak!
Okawaru accepts your kill. The yak gores you but does no damage.
You hit the yak but do no damage. The yak barely misses you.
Your shield and plate armour prevent you from hitting the yak.
The yak gores you but does no damage.
You barely miss the yak. The yak completely misses you.
You sock the yak!
The yak is heavily wounded.
The yak gores you!
You die...

,,,,,,,.......#..>.###.#*+,*,,,,,
,,,,*,,,.,+....#..#....#*,****>,,
,,,,,,,,..#...<........##,,,**,,,
,,,,,,,...P......#......#,,,**,,,
,,,,*,,................##,,,**,,,
,,,,*,,...#......#.....#**,***,,,
,,,,,,,.......†........#*****,,,,
*****,,...#.###Y##.......,,,,,,,,
,,,,,,,.........@.........,,,,,,,
,,,,,,,...................,,,,,,,
,,,,,,,,.............$....,,,,,,,
,,,,,,,,................,,,,,,,,,
,,,,,,,,.##..######.....,,,,,,,,,
***,*,,,,....,,,,,,.....,,,,,,,,,
,,,,*,,,,#...,,,,,*,.###+***+***,
,,,,*,,,,#.,,,,,,,*,.#,*+***,**,,
,,,,*,,,,,,,,,,,,,,,,,*,,,,,,,**,


You could see a yak.

Vanquished Creatures
  A hydra (D:10)
  2 centaur warriors (D:9)
  5 two-headed ogres
  An orc sorcerer (D:9)
  An ugly thing (D:9)
  2 deep elf pyromancers (D:9)
  A deep elf zephyrmancer (D:9)
  A manticore (D:11)
  A cyclops (D:7)
  2 centaur zombies
  3 kobold demonologists (D:11)
  A tengu conjurer (D:9)
  A troll (D:10)
  3 hornets
  A slime creature (D:6)
  A spriggan (D:9)
  4 wyverns
  12 yaks
  A shadow (D:6)
  A vampire (D:9)
  2 wraiths (D:10)
  2 basilisks (D:11)
  A steam dragon (D:9)
  Edmund (D:4)
  An acid dragon (D:9)
  2 water moccasins
  9 orc warriors
  2 sky beasts
  An ice beast (D:5)
  3 ogres
  7 centaurs
  A phantom (D:6)
  3 bullfrogs
  5 kobold brigands
  2 gnoll sergeants
  3 killer bees (D:9)
  6 wights
  4 howler monkeys
  3 crimson imps (D:11)
  2 hounds (D:7)
  2 jellies (D:6)
  A bullfrog zombie (D:5)
  6 orc priests
  Jessica (D:2)
  3 centaur skeletons
  An iguana (D:4)
  14 orc wizards
  A hound skeleton (D:5)
  2 howler monkey zombies
  A howler monkey skeleton (D:6)
  15 gnolls
  An adder (D:4)
  A shadow imp (D:6)
  An ufetubus (D:4)
  A worm (D:2)
  3 dart slugs
  33 orcs
  5 bats
  13 endoplasms
  9 giant cockroaches
  7 goblins
  3 hobgoblins
  13 kobolds
  6 quokkas
  9 ball pythons
  2 frilled lizards (D:1)
  A quokka skeleton (D:4)
  7 rats
267 creatures vanquished.

Vanquished Creatures (others)
  2 demonic plants (D:1)
  3 fungi
  6 plants
  9 toadstools (D:6)
  A withered plant (D:1)
21 creatures vanquished.

Grand Total: 288 creatures vanquished

Notes
Turn   | Place    | Note
-------+----------+-------------------------------------------
     0 | D:1      | Anothat the Gargoyle Fighter began the quest for the Orb.
     0 | D:1      | Reached XP level 1. HP: 14/14 MP: 1/1
    86 | D:1      | Found a faded altar of an unknown god.
    94 | D:1      | Reached XP level 2. HP: 19/19 MP: 2/2
   572 | D:1      | Reached XP level 3. HP: 23/23 MP: 3/3
  1305 | D:2      | Noticed Jessica
  1330 | D:2      | Killed Jessica
  1331 | D:2      | Reached XP level 4. HP: 14/29 MP: 4/4
  2467 | D:3      | Found a basalt altar of Yredelemnul.
  2608 | D:3      | Found Tinytelo's Weapon Shoppe.
  2621 | D:3      | Reached skill level 4 in Fighting
  2621 | D:3      | Reached XP level 5. HP: 33/33 MP: 5/5
  2657 | D:3      | Found a blossoming altar of Fedhas.
  3831 | D:4      | Noticed Edmund
  3840 | D:4      | Killed Edmund
  3841 | D:4      | Reached XP level 6. HP: 22/39 MP: 6/6
  4204 | D:5      | Entered Level 5 of the Dungeon
  4212 | D:5      | Found a radiant altar of Vehumet.
  4212 | D:5      | Found a hazy altar of Hepliaklqana.
  4307 | D:5      | Found a staircase to the Ecumenical Temple.
  4336 | Temple   | Entered the Ecumenical Temple
  4537 | Temple   | Became a worshipper of Warmaster Okawaru
  4592 | D:5      | Noticed a sky beast
  4617 | D:5      | Killed a sky beast
  4779 | D:5      | Reached XP level 7. HP: 39/44 MP: 7/7
  4865 | D:5      | Reached * piety under Okawaru
  4866 | D:5      | Reached skill level 5 in Maces & Flails
  4866 | D:5      | Reached skill level 5 in Shields
  5223 | D:5      | Found an ornate altar of the Wu Jian Council.
  5409 | D:5      | Reached skill level 5 in Armour
  5416 | D:5      | Reached skill level 5 in Fighting
  5678 | D:5      | Reached XP level 8. HP: 49/49 MP: 8/8
  6073 | D:6      | Found a bloodstained altar of Trog.
  6248 | D:6      | Reached skill level 6 in Fighting
  6261 | D:6      | Reached ** piety under Okawaru
  6669 | D:6      | Reached skill level 7 in Fighting
  6728 | D:5      | Identified a scroll of acquirement
  6728 | D:5      | Acquired the +0 pair of boots of Doomed Leaves {rF+ Int+2}
  6942 | D:6      | Found a transporter.
  6962 | D:6      | Reached XP level 9. HP: 57/57 MP: 9/9
  7058 | D:6      | Noticed a rakshasa
  7271 | D:6      | Reached skill level 8 in Fighting
  7497 | D:6      | Found a transporter.
  7497 | D:6      | Found a one-way gate to the infinite horrors of the Abyss.
  7497 | D:6      | Noticed bidolon's ghost (novice GnWn)
  7678 | D:6      | Reached *** piety under Okawaru
  8049 | D:7      | Noticed a cyclops
  8228 | D:8      | Found a glowing silver altar of Zin.
  8377 | D:8      | Noticed a two-headed ogre
  8466 | D:8      | Killed a two-headed ogre
  8467 | D:8      | Reached skill level 9 in Fighting
  8672 | D:8      | Noticed a hornet
  8686 | D:8      | Killed a hornet
  8687 | D:8      | Reached XP level 10. HP: 29/68 MP: 10/10
  8879 | D:8      | Found Kopelili's Magic Scroll Boutique.
  8896 | D:8      | Bought a scroll of blinking for 112 gold pieces
  8896 | D:8      | Bought a scroll of teleportation for 45 gold pieces
  8984 | D:8      | You fall into a shaft and drop 2 floors!
  8984 | D:10     | Entered Level 10 of the Dungeon
  8985 | D:10     | Noticed an eight-headed hydra
  9156 | D:10     | Reached **** piety under Okawaru
  9157 | D:10     | Reached skill level 10 in Fighting
  9157 | D:10     | Reached skill level 1 in Evocations
  9642 | D:10     | Found a glowing golden altar of the Shining One.
  9783 | D:10     | Noticed a two-headed ogre
  9784 | D:10     | Killed an eight-headed hydra
 10001 | D:9      | Reached ***** piety under Okawaru
 10342 | D:9      | Identified the ring "Hoej" {rN+ Dex+6}
 10737 | D:9      | Noticed a deep elf zephyrmancer
 10798 | D:8      | Received a gift from Okawaru
 11042 | D:8      | Found Awkur's Alliterative Accessories.
 11218 | D:8      | Reached XP level 11. HP: 42/73 MP: 11/11
 11907 | D:8      | Found a runed translucent door.
 11908 | D:8      | Found the +3 hat of Pondering {ponderous, Will+ MP+10
                  | Int+5}
 12317 | D:7      | Killed a cyclops
 12376 | D:7      | Found a shadowy altar of Dithmenos.
 12449 | D:7      | Acquired 626 gold pieces
 12450 | D:7      | Acquired a +3 great mace of holy wrath
 12718 | D:8      | Bought a scroll of acquirement for 624 gold pieces
 12718 | D:8      | Acquired 839 gold pieces
 12801 | D:9      | Noticed a cyclops
 12834 | D:9      | Noticed a centaur warrior
 13118 | D:9      | Killed a centaur warrior
 13119 | D:9      | Reached skill level 1 in Stealth
 13152 | D:9      | Killed a deep elf zephyrmancer
 13180 | D:9      | Reached skill level 5 in Evocations
 13273 | D:9      | Noticed a deep elf pyromancer
 13286 | D:9      | Killed a deep elf pyromancer
 13421 | D:9      | Noticed a two-headed ogre
 13422 | D:9      | Identified the +4 dire flail of the Sun {vorpal, Int+7}
 13422 | D:9      | Noticed a two-headed ogre
 13423 | D:9      | Noticed kthxbai's ghost (novice DgEE)
 13424 | D:9      | Found a transporter.
 13428 | D:9      | Found a transporter.
 13767 | D:9      | Noticed a red ugly thing
 13778 | D:9      | Killed a red ugly thing
 14124 | D:9      | Noticed a centaur warrior
 14129 | D:9      | Noticed a deep elf pyromancer
 14153 | D:9      | Killed a centaur warrior
 14154 | D:9      | Reached skill level 11 in Fighting
 14559 | D:9      | Noticed an orc sorcerer
 14570 | D:9      | Paralysed by an orc sorcerer for 4 turns
 14574 | D:9      | Killed an orc sorcerer
 14813 | D:9      | Noticed a two-headed ogre
 14825 | D:9      | Killed a two-headed ogre
 14825 | D:9      | Reached ****** piety under Okawaru
 14997 | D:9      | Noticed a two-headed ogre
 15077 | D:9      | Killed a two-headed ogre
 15078 | D:9      | Reached XP level 12. HP: 46/80 MP: 12/12
 16281 | D:10     | Killed a two-headed ogre
 16281 | D:10     | Received a gift from Okawaru
 16554 | D:10     | Noticed a two-headed ogre
 16562 | D:10     | Killed a two-headed ogre
 16563 | D:10     | Found Gos Nuec's Antique Armour Shoppe.
 16567 | D:10     | Bought an ichor-stained cloak for 199 gold pieces
 16567 | D:10     | Identified the +0 cloak of Mili {+Blink rF++ SInv Stlth+}
                  | (You bought it in a shop on level 10 of the Dungeon)
 16883 | D:11     | Noticed a boulder beetle
 17108 | D:10     | Bought a runed plate armour for 546 gold pieces
 17335 | D:11     | Found a staircase to the Lair.
 17492 | D:11     | Reached skill level 10 in Shields
 17506 | D:11     | Noticed a soul eater
 17733 | D:11     | Found a staircase to the Orcish Mines.
 17912 | D:11     | Found a shimmering altar of Xom.
 18081 | D:11     | Reached skill level 10 in Armour
 18326 | Lair:1   | Entered Level 1 of the Lair of Beasts
 18400 | Lair:1   | Slain by a yak

Illustrated notes

Levels and vault maps discovered:
D:1:      onia_arrival_mini_spirals, layout_basic, shapermc_ecumenical_altar_gd
D:2:      layout_basic, uniq_jessica
D:3:      layout_basic, overflow_temple_1_default, mainiacjoe_overflow_alcove_1,
          serial_shops, shop, roderic_nine_men_s_morris
D:4:      layout_loops_cross, uniq_edmund
D:5:      layout_basic, kennysheep_mini, mainiacjoe_overflow_divided_tiny,
          minmay_temple_entry_antechambers, grunt_decor_clamped,
          minmay_fractal_squares_5
D:6:      cheibrodos_fertilizer, layout_cave_pods, trog_book,
          gammafunk_ghost_abyssal_escape
D:7:      layout_basic, mainiacjoe_overflow_catwalk
D:8:      gammafunk_indiana_jones, layout_basic, lemuel_tele_altar,
          serial_shops, nicolae_stop_n_shop_1, serial_aquarium,
          aquarium_bridge_long_separate [aquarium_subvault_bridge,
          aquarium_subvault_balcony, aquarium_subvault_bridge,
          aquarium_subvault_bridge, aquarium_subvault_wall,
          aquarium_subvault_bridge], aquarium_bridge_square
          [aquarium_subvault_bridge, aquarium_subvault_window,
          aquarium_subvault_bridge, aquarium_subvault_wall],
          aquarium_window_corner, aquarium_window_fake, aquarium_view_2d,
          aquarium_view_2e, aquarium_pool_corner, nicolae_alphabet_shops,
          grunt_decor_arrowhead, grunt_ministairs_1
D:9:      minmay_the_grid_4x2 [minmay_the_grid_zigzag_pyramid,
          minmay_the_grid_tri_star, minmay_the_grid_tree, minmay_the_grid_fan,
          minmay_the_grid_medium_cups, minmay_the_grid_paths,
          minmay_the_grid_embedded, minmay_the_grid_prize_shrinking_boxes],
          layout_loops_corners, gammafunk_ghost_smash, the_hattery
D:10:     layout_basic, tso_metal_star, serial_shops, kennysheep_mini_moat,
          david_greed
D:11:     layout_cave_pods, david_lair_generic, minmay_orc_entry_temple_small,
          enter_bailey_5, led_xom_imps
Temple:   nicolae_temple_figure_eight
Lair:1:   layout_regular_city, gammafunk_ghost_split, gauntlet_entry_generic,
          lemuel_fruit_tree, grunt_megastairs_5, uniq_gastronok

Skill      XL: |  1  2  3  4  5  6  7  8  9 10 11 12 |
---------------+-------------------------------------+-----
Maces & Flails | 3 4 5 7 8 9 |  9.9
Armour         | 4 5 6 8 9 10 | 10.1
Shields        | 4 5 6 8 9 10 | 10.2
Fighting       | 4 5 7 9 10 11 | 11.5
Evocations     | 4 6 |  6.5
Stealth        | 3 4 |  4.6
Invocations    | |  0.7

Action                   |  1- 3 |  4- 6 |  7- 9 | 10-12 || total
-------------------------+-------+-------+-------+-------++-------
Melee: Flail             |   124 |   147 |   239 |   702 ||  1212
Throw: Throwing net      |       |       |     1 |       ||     1
Invok: Heroism           |       |       |     1 |     8 ||     9
 Abil: Evoke Blink       |       |       |       |     1 ||     1
Evoke: Wand              |       |       |     3 |     9 ||    12
  Use: Potion            |       |     4 |     7 |     2 ||    13
       Scroll            |       |       |     8 |    16 ||    24
 Stab: Held in net/web   |       |       |     1 |       ||     1
       Paralysed         |       |       |       |     4 ||     4
Armor: Scale mail        |    69 |    73 |    27 |       ||   169
       Plate armour      |       |       |    96 |   634 ||   730
Dodge: Dodged            |    50 |    52 |    39 |   220 ||   361
Block: Kite shield       |    69 |    88 |   102 |   536 ||   795
